Map: Temple of the Past

Players

Hunter

  • Race: Protoss Protoss
  • League: Diamond
  • Spawn Location: 0:00

OrphEuS

  • Race: Terran Terran

VOD

Have the link to the VOD?

Description

Fenix has come a long way from the beginning and has gained a lot of power. All of the real DPS in his army is in the Hero Units. My favorite heroes are Taldarin, Clolarion, and the Warbringer. These units have the highest HP and have really good buffs. I find getting a hero and upgrading then getting an other is better than massing just one hero until you have all the heroes you want. Keep in mind that Fenix himself has a lot of cool abilities so be sure to switch forms a lot to increase the energy regeneration and maximize mobility.

Time

  • Played on: July 6, 2018, 1:52 a.m.
  • Length: 26:29
Show
View Real Time Build Order
Export as new Build Order

Hunter Protoss 

Build Orders:  

Get SALT Encoding   

  12  0:05  Probe (Chrono Boost)  
  13  0:17  Probe (Chrono Boost)  
  14  0:24  Pylon  
  14  0:32  Probe (Chrono Boost)  
  15  0:40  Assimilator  
  15  0:46  Probe (Chrono Boost)  
  16  0:57  Robotics Facility  
  16  1:05  Probe (Chrono Boost)  
  17  1:12  Assimilator  
  17  1:17  Probe (Chrono Boost)  
  18  1:28  Probe (Chrono Boost)  
  20  1:40  Probe (Chrono Boost)  
  20  1:51  Probe (Chrono Boost)  
  20  1:56  Taldarin's A.I. Personality, Immortal  
  21  2:06  Probe (Chrono Boost)  
  27  2:24  Probe (Chrono Boost)  
  27  2:35  Robotics Bay  
  28  2:41  Probe (Chrono Boost)  
  28  2:55  Probe (Chrono Boost)  
  29  3:07  Probe (Chrono Boost)  
  30  3:20  Nexus  
  30  3:25  Probe (Chrono Boost)  
  31  3:33  Pylon  
  31  3:38  Probe (Chrono Boost)  
  32  3:49  Probe (Chrono Boost)  
  33  4:02  Colossus  
  33  4:07  Warbringer's A.I. Personality  
  33  4:08  Probe (Chrono Boost)  
  40  4:21  Pylon  
  40  4:34  Extended Thermal Lance  
  41  4:41  Probe (Chrono Boost)  
  41  4:54  Pylon  
  41  4:58  Probe (Chrono Boost)  
  42  5:09  Probe (Chrono Boost)  
  44  5:13  Assimilator  
  44  5:14  Assimilator  
  44  5:15  Probe (Chrono Boost)  
  44  5:23  Probe (Chrono Boost)  
  44  5:24  Stargate  
  45  5:43  Probe (Chrono Boost)  
  45  5:47  Probe (Chrono Boost)  
  45  5:48  Fleet Beacon  
  47  5:53  Purification Blast  
  47  5:55  Probe (Chrono Boost)  
  49  6:04  Probe (Chrono Boost)  
  49  6:06  Probe (Chrono Boost)  
  50  6:18  Probe (Chrono Boost)  
  52  6:21  Probe (Chrono Boost)  
  52  6:29  Probe (Chrono Boost)  
  53  6:37  Pylon  
  53  6:38  Probe (Chrono Boost)  
  54  6:49  Pylon  
  54  6:50  Carrier  
  54  6:51  Stargate  
  54  6:52  Graviton Catapult  
  54  6:59  Probe (Chrono Boost)  
  60  7:03  Probe (Chrono Boost)  
  63  7:11  Probe (Chrono Boost)  
  63  7:13  Clolarion's A.I. Personality  
  64  7:20  Probe (Chrono Boost)  
  64  7:23  Pylon  
  64  7:32  Stargate  
  64  7:34  Robotics Facility  
  64  7:41  Colossus  
  64  7:47  Interdictors  
  71  7:56  Probe (Chrono Boost)  
  71  8:00  Carrier  
  77  8:11  Forge  
  77  8:14  Cybernetics Core  
  77  8:38  Carrier  
  83  8:50  Pylon  
  83  8:52  Pylon  
  83  8:55  Colossus, Pylon  
  89  9:06  Immortal  
  93  9:15  Carrier  
  99  9:21  Pylon  
  99  9:41  Protoss Ground Weapons Level 1  
  99  9:47  Protoss Air Weapons Level 1  
  99  10:12  Colossus, Immortal  
  99  10:13  Carrier  
  115  10:20  Gravimetric Overload  
  115  10:39  Carrier  
  121  10:55  Twilight Council  
  121  11:07  Observer  
  122  11:18  Carrier  
  128  11:36  Protoss Ground Weapons Level 2  
  128  11:43  Pylon  
  128  11:44  Pylon  
  128  11:46  Pylon  
  128  11:48  Pylon  
  128  11:51  Pylon  
  128  11:54  Immortal  
  128  12:06  Immortal  
  132  12:13  Carrier  
  138  12:39  Carrier  
  144  12:58  Pylon  
  140  13:00  Pylon  
  140  13:01  Pylon  
  140  13:05  Pylon  
  140  13:06  Pylon  
  140  13:09  Pylon  
  140  13:10  Pylon  
  140  13:27  Immortal  
  140  13:31  Carrier  
  140  13:34  Protoss Air Weapons Level 2  
  146  13:44  Immortal  
  153  14:22  Carrier  
  159  14:44  Colossus  
  159  14:49  Carrier  
  165  14:50  Immortal  
  175  15:45  Immortal  
  175  16:02  Carrier  
  175  16:03  Immortal  
  189  16:16  Protoss Ground Weapons Level 3  
  189  16:56  Carrier  
  195  17:27  Protoss Air Weapons Level 3  
  195  17:29  Observer  
  195  17:32  Immortal  
  192  18:31  Carrier  
  198  19:27  Purifier Armaments  
  198  20:37  Observation Protocol  
  198  20:46  Protoss Shields Level 1  
  198  21:35  Observer  
  198  21:40  Protoss Air Armor Level 1  
  198  21:44  Observer  
  200  22:29  Protoss Shields Level 2  
  184  23:13  Carrier  
  184  23:14  Carrier  
  196  23:27  Immortal  
Show
View Real Time Build Order
Export as new Build Order

OrphEuS Terran 

Build Orders:  

Get SALT Encoding   

  12  0:05  Starport Tech Lab  
  12  0:08  SCV  
  13  0:20  Supply Depot  
  13  0:29  SCV  
  14  0:46  SCV  
  14  0:47  Refinery  
  16  1:03  SCV  
  16  1:18  Refinery  
  17  1:20  SCV  
  17  1:33  Assault Galleon  
  18  1:40  SCV  
  18  1:44  Supply Depot  
  18  1:57  SCV  
  20  2:14  SCV  
  21  2:31  SCV  
  21  2:48  SCV  
  22  2:52  Command Center  
  22  3:05  SCV  
  23  3:18  Assault Galleon  
  24  3:22  SCV  
  24  3:39  SCV  
  26  4:03  SCV  
  26  4:06  Armory  
  26  4:14  Supply Depot  
  26  4:16  Supply Depot  
  27  4:20  SCV  
  27  4:37  SCV  
  28  4:47  Command Center  
  29  4:54  SCV  
  29  5:02  Engineering Bay  
  29  5:21  Refinery  
  29  5:28  SCV x2  
  31  5:45  SCV x2  
  33  5:52  Fusion Core  
  35  6:02  SCV x2  
  35  6:12  Jetpack Overdrive  
  35  6:19  SCV x2  
  37  6:22  Horner Weapons Level 1  
  37  6:29  Refinery  
  37  6:35  SCV  
  37  6:36  SCV  
  41  6:51  Assault Galleon  
  41  6:52  SCV  
  41  6:53  SCV  
  41  6:54  Assault Galleon  
  41  7:09  SCV  
  43  7:10  SCV  
  43  7:15  LE9 Cluster Charges  
  49  7:26  SCV  
  49  7:27  SCV  
  51  7:34  Drone Hangar x2  
  53  7:43  SCV  
  53  7:44  SCV  
  53  7:54  Assault Galleon  
  60  8:00  SCV  
  60  8:16  Drone Hangar x2, SCV  
  60  8:17  SCV  
  62  8:58  Reaper x3  
  65  9:02  Horner Armor Level 1  
  65  9:46  Supply Depot  
  65  9:47  Supply Depot  
  65  9:48  Supply Depot  
  65  9:50  Supply Depot x3  
  65  9:51  Supply Depot  
  65  9:52  Supply Depot  
  65  9:54  Supply Depot  
  65  9:55  Supply Depot  
  65  10:16  Reaper x3  
  72  10:26  Reaper x3  
  75  10:35  Drone Hangar  
  75  10:36  Reaper x3  
  78  10:43  Reaper  
  78  10:46  Reaper x3  
  81  10:53  Reaper  
  82  11:02  Reaper  
  83  11:12  Reaper  
  84  11:51  Horner Weapons Level 2  
  82  12:01  Reaper x3  
  82  12:02  Reaper x2  
  87  12:11  Reaper x3  
  87  12:12  Reaper x2  
  92  12:21  Reaper x3  
  92  12:22  Reaper x2  
  97  12:31  Reaper x3  
  97  12:32  Reaper x2  
  102  12:41  Reaper x3  
  102  12:42  Reaper x2  
  107  12:51  Reaper x4  
  107  12:52  Reaper  
  112  13:01  Reaper x4  
  112  13:02  Reaper  
  117  13:11  Reaper x4  
  117  13:12  Reaper  
  122  13:21  Reaper x5  
  126  13:30  Reaper  
  126  13:31  Reaper x3  
  131  13:40  Reaper  
  131  13:41  Reaper x2  
  134  13:50  Reaper x2  
  134  13:51  Reaper x2  
  137  14:00  Reaper  
  137  14:10  Reaper  
  135  15:01  Horner Armor Level 2  
  135  15:16  Reaper  
  135  15:17  Reaper x4  
  140  15:26  Reaper  
  140  15:27  Reaper  
  140  15:29  Supply Depot x2  
  142  15:31  Supply Depot x2  
  142  15:33  Supply Depot  
  142  15:34  Supply Depot  
  142  15:35  Supply Depot  
  142  15:36  Supply Depot  
  142  15:39  Supply Depot  
  142  15:59  Reaper x5  
  147  16:09  Reaper x5  
  152  16:19  Reaper x5  
  157  16:29  Reaper x5  
  162  16:39  Reaper x5  
  167  16:49  Reaper x5  
  172  16:59  Reaper x5  
  177  17:09  Reaper x5  
  182  17:19  Reaper x5  
  187  17:29  Reaper x5  
  192  17:39  Reaper x5  
  197  17:49  Reaper x3  
  197  19:24  Reaper  
  197  19:25  Reaper x2  
  186  20:45  Horner Weapons Level 3  
  169  21:33  Reaper  
  169  21:34  Reaper x4  
  174  21:43  Reaper  
  174  21:44  Reaper x4  
  179  21:53  Reaper  
  179  21:54  Reaper x4  
  184  22:03  Reaper  
  184  22:04  Reaper x4  
  189  22:13  Reaper  
  189  22:14  Reaper x4  
  166  24:39  Reaper  
  170  24:40  Reaper x4  
  170  24:49  Reaper x2  
  175  24:50  Reaper x3  
  175  24:59  Reaper x2  
  178  25:00  Reaper x3  
  178  25:09  Reaper x4  
  183  25:10  Reaper  
  183  25:19  Reaper x5  
  97  25:42  Reaper x4  
  97  25:43  Reaper  
  96  25:52  Reaper x5  
  99  26:02  Reaper x5  
Tags
 
Add a new tag
Caveats
  • Supply blocks, unpowered buildings, or Contaminate may cause inaccurate times.
  • Supply counts are checked every 10 seconds.